 Dungeon Crawl Stone Soup version 0.32-a0-675-gdc239d62e1 (webtiles) character file.

Game seed: 11532856144815952418

637 pokeman the Thaumaturge (level 7, -3/40 HPs)
             Began as a Deep Elf Hedge Wizard on Mar 11, 2024.
             Slain by a sleepcap (5 damage)
             ... on level 5 of the Dungeon.
             The game lasted 00:09:45 (4649 turns).

pokeman the Thaumaturge (Deep Elf Hedge Wizard)     Turns: 4649, Time: 00:09:47

Health: -3/40      AC:  4    Str:  7    XL:     7   Next: 25%
Magic:  5/20       EV: 13    Int: 21    God:
Gold:   276        SH:  0    Dex: 14    Spells: 14/22 levels left

rFire   + . .        f - +1 short sword (elec)
rCold   + . .        (no shield)
rNeg    . . .        b - +0 robe
rPois   +            c - +0 hat
rElec   +            C - +0 cloak
rCorr   +            (no gloves)
SInv    .            r - +0 pair of boots
Will    .....        (no amulet)
Stlth   ++           a - ring of flight
HPRegen 0.26/turn    (no ring)
MPRegen 0.17/turn

%: no passive effects
@: lethally poisoned (-3 -> -5), resistant, flying
A: no striking features
a: no special abilities


You were on level 5 of the Dungeon.
You visited 2 branches of the dungeon, and saw 6 of its levels.

You collected 276 gold pieces.

Inventory:

Hand Weapons
 f - a +1 short sword of electrocution (weapon)
 B - a +3 quarterstaff of chaos
Missiles
 k - 6 curare-tipped darts
Armour
 b - a +0 robe (worn)
 c - a +0 hat (worn)
 r - a +0 pair of boots (worn)
 C - a +0 cloak (worn)
Jewellery
 a - a ring of flight (left hand)
Scrolls
 e - 11 scrolls of identify {unknown}
 g - a scroll of enchant weapon {unknown}
 j - a scroll of silence {unknown}
 l - 2 scrolls of fog {unknown}
 o - a scroll of brand weapon {unknown}
 s - a scroll of noise {unknown}
 t - 2 scrolls of torment {unknown}
 u - 2 scrolls of poison {unknown}
 w - a scroll of vulnerability {unknown}
 x - a scroll of blinking {unknown}
 y - a scroll of enchant armour {unknown}
 z - a scroll of immolation {unknown}
Potions
 d - a potion of magic
 i - a potion of ambrosia {unknown}
 m - a potion of attraction {unknown}
 n - a potion of curing {unknown}
 q - 2 potions of lignification {unknown}
 v - 2 potions of heal wounds {unknown}
 A - a potion of berserk rage {unknown}


   Skills:
 - Level 2.0 Fighting
 + Level 1.4 Armour
 - Level 3.1 Dodging
 - Level 3.1 Stealth
 * Level 8.2 Spellcasting
 + Level 4.1 Conjurations
 - Level 1.1 Summonings
 - Level 1.1 Translocations
 - Level 1.0 Air Magic
 - Level 1.0 Alchemy


You had 14 spell levels left.
You knew the following spells:

 Your Spells              Type           Power      Damage    Failure   Level
a - Magic Dart            Conj           100%       1d8       1%          1
b - Mephitic Cloud        Conj/Alch/Air  17%        N/A       10%         3
c - Call Imp              Summ           26%        N/A       8%          2
d - Blink                 Tloc           26%        N/A       8%          2

Your spell library contained the following spells:

 Spells                   Type           Power      Damage    Failure   Level
 Slow                     Hex            32%        N/A       8%          1
 Cigotuvi's Dreadful Rot  Necr/Alch/Air  22%        N/A       9%          2


Dungeon Overview and Level Annotations

Branches:
Dungeon (5/15)             Temple (1/1) D:4

Altars:
Fedhas
Gozag
Hepliaklqana
Kikubaaqudgha
Nemelex Xobeh
Okawaru
Qazlal
Ru
Sif Muna
Uskayaw
Wu Jian
Yredelemnul
Zin
Lugonu


Message History

Casting: Magic Dart (safe; 1% risk of failure)
Confirm with . or Enter, or press ? or * to list all spells.
Aiming: Magic Dart (safe; 1% risk of failure)
Press: ? - help, Shift-Dir - straight line, f/p - water moccasin
Aim: a water moccasin (severely wounded, ally target, 100% to hit)
The magic dart hits the water moccasin.
The water moccasin is severely wounded.
* * * LOW HITPOINT WARNING * * *
You feel very sick. The water moccasin closely misses you.
The water moccasin misses you.
Casting: Magic Dart (safe; 1% risk of failure)
Confirm with . or Enter, or press ? or * to list all spells.
Aiming: Magic Dart (safe; 1% risk of failure)
Press: ? - help, Shift-Dir - straight line, f/p - water moccasin
Aim: a water moccasin (severely wounded, ally target, 100% to hit)
The magic dart hits the water moccasin.
The water moccasin is almost dead.
You feel sick. The water moccasin bites you.
* * * LOW HITPOINT WARNING * * *
Your cerulean imp hits the water moccasin from afar with a -3 spear.
* * * LOW HITPOINT WARNING * * *
You feel sick.
The water moccasin completely misses you.
Your magical contamination has completely faded away.
* * * LOW HITPOINT WARNING * * *
You feel sick.
Your cerulean imp hits the water moccasin but does no damage.
Unknown command.
* * * LOW HITPOINT WARNING * * *
You feel sick.
The water moccasin bites your cerulean imp!
Your cerulean imp misses the water moccasin.
Unknown command.
It was a potion of resistance.
You feel protected.
You feel ready to blink again.
* * * LOW HITPOINT WARNING * * *
You feel sick.
The water moccasin completely misses your cerulean imp.
The sleepcap releases spores at you.
You die...

#..#(.
#..#...
#..#...
#.5#....
#.S#
###..#
#....#
#...f#
#...@#
#....#
#....#
###...
...#
#####


You could see a water moccasin (distracted, ally target), a sleepcap and a
friendly cerulean imp (summoned).

Vanquished Creatures
  A water moccasin (D:5)
  An ice beast (D:5)
  A black bear (D:4)
  2 jellies
  A bombardier beetle (D:4)
  Crazy Yiuf (D:5)
  2 iguanas
  An orc wizard (D:4)
  2 adders
  4 gnolls (D:4)
  3 dart slugs
  3 ribbon worms (D:3)
  10 orcs
  6 ball pythons
  5 endoplasms
  A giant cockroach (D:2)
  10 hobgoblins
  8 jackals
  9 kobolds
  2 quokkas
  5 bats
  5 frilled lizards
  7 goblins
  5 rats
95 creatures vanquished.

Notes
Turn   | Place    | Note
-------+----------+-------------------------------------------
     0 | D:1      | pokeman the Deep Elf Hedge Wizard began the quest for the
                  | Orb.
     0 | D:1      | Reached XP level 1. HP: 10/10 MP: 7/7
   182 | D:1      | Reached XP level 2. HP: 15/15 MP: 4/9
   420 | D:1      | Reached skill level 5 in Spellcasting
   782 | D:1      | Reached XP level 3. HP: 17/20 MP: 1/11
   789 | D:1      | Learned a level 3 spell: Mephitic Cloud
   792 | D:1      | Learned a level 2 spell: Call Imp
   795 | D:1      | Learned a level 2 spell: Blink
  1211 | D:2      | Reached skill level 1 in Fighting
  1211 | D:2      | Reached skill level 1 in Armour
  2046 | D:3      | Found a faded altar of an unknown god.
  2210 | D:3      | Reached XP level 4. HP: 25/25 MP: 11/13
  2703 | D:3      | Identified the +5 spear of Anxiety {freeze, rCorr Int+3}
  3244 | D:4      | Reached skill level 6 in Spellcasting
  3244 | D:4      | Reached XP level 5. HP: 29/29 MP: 10/15
  3281 | D:4      | Found a staircase to the Ecumenical Temple.
  3287 | Temple   | Entered the Ecumenical Temple
  3426 | D:4      | Reached skill level 1 in Alchemy
  3436 | D:4      | Reached skill level 1 in Air Magic
  3652 | D:4      | Reached XP level 6. HP: 29/34 MP: 3/17
  3792 | D:4      | Reached skill level 7 in Spellcasting
  4156 | D:5      | Entered Level 5 of the Dungeon
  4240 | D:5      | Noticed a water moccasin
  4253 | D:5      | Killed a water moccasin
  4254 | D:5      | Reached XP level 7. HP: 25/40 MP: 10/20
  4338 | D:5      | Found a runed translucent door.
  4339 | D:5      | Noticed Crazy Yiuf
  4349 | D:5      | Killed Crazy Yiuf
  4350 | D:5      | Upgraded the game from 0.32-a0-673-g3729bd50f8 to
                  | 0.32-a0-675-gdc239d62e1
  4467 | D:5      | Found an ancient bone altar of Kikubaaqudgha.
  4474 | D:5      | Found a glowing silver altar of Zin.
  4477 | D:5      | Found an iron altar of Okawaru.
  4477 | D:5      | Found an opulent altar of Gozag.
  4484 | D:5      | Found a basalt altar of Yredelemnul.
  4536 | D:5      | Reached skill level 8 in Spellcasting
  4649 | D:5      | HP: 2/40 [poisoned by a water moccasin]
  4649 | D:5      | Slain by a sleepcap

Illustrated notes

Levels and vault maps discovered:
D:1:      kennysheep_arrival_forest, layout_rooms
D:2:      layout_basic, st_stairs_3
D:3:      layout_rooms, hellmonk_ecumenical_altar_pennies_from_heaven,
          minmay_misc_feat_chi, kennysheep_potato
D:4:      layout_basic, minmay_temple_entry_fiery
D:5:      layout_basic, nicolae_overflow_hallway_of_the_gods,
          kennysheep_generic_room_12, uniq_crazy_yiuf_cottage
Temple:   corrupted_temple

Skill      XL: |  1  2  3  4  5  6  7 |
---------------+----------------------+-----
Spellcasting   | 5 6 7 8 |  8.2
Fighting       | 1 2 |  2.0
Armour         | 1 |  1.4
Conjurations   | 2 3 4 |  4.1
Dodging        | 3 |  3.1
Stealth        | 3 |  3.1
Alchemy        | 1 |  1.0
Air Magic      | 1 |  1.0
Summonings     | |  1.1
Translocations | |  1.1

Action                     |  1- 3 |  4- 6 |  7- 9 || total
---------------------------+-------+-------+-------++-------
  Melee: Short sword       |    13 |    21 |    58 ||    92
   Cast: Magic Dart        |   112 |   121 |    26 ||   259
         Mephitic Cloud    |       |     8 |     1 ||     9
         Blink             |       |     1 |     4 ||     5
         Call Imp          |       |     1 |     4 ||     5
    Use: Potion            |       |       |     1 ||     1
   Stab: Sleeping          |     1 |       |       ||     1
         Confused          |       |     2 |     1 ||     3
 Armour: Robe              |    17 |    16 |    11 ||    44
  Dodge: Dodged            |    23 |    29 |     7 ||    59

Table legend: (Time is in decaauts)
 A = Elapsed time spent in this place.
 B = Non-inter-level travel time spent in this place.
 C = Inter-level travel time spent in this place.
 D = Time resting spent in this place.
 E = Time spent auto-exploring this place.
 F = Levels seen in this place.
 G = Mean time per level.
                   A        B        C        D        E       F      G
               +--------+--------+--------+--------+--------+-----+--------+
         Total |   4647 |   4541 |    106 |    149 |   3658 |   6 |  774.5 |
       Dungeon |   4645 |   4539 |    106 |    149 |   3658 |   5 |  929.0 |
        Temple |      1 |      1 |      0 |      0 |      0 |   1 |    1.0 |
               +--------+--------+--------+--------+--------+-----+--------+

Top non-repeatable levels by time:
     D:2: 1093 daAuts
     D:1: 1039 daAuts
     D:4: 1023 daAuts
     D:3: 997 daAuts
     D:5: 492 daAuts
  Temple: 1 daAuts
